 Dungeon Crawl Stone Soup version 0.22.1 (console) character file.

254 erker the Changer (level 6, 0/57 HPs)
             Began as an Octopode Transmuter on Sept 17, 2018.
             Slain by an adder (1 damage)
             ... on level 5 of the Dungeon.
             The game lasted 00:08:04 (3041 turns).

erker the Changer (Octopode Transmuter)             Turns: 3041, Time: 00:08:04

Health: 0/57       AC:  1    Str: 15    XL:     6   Next: 15%
Magic:  8/11       EV: 13    Int: 17    God:
Gold:   136        SH:  3    Dex: 12    Spells: 1/11 levels left

rFire    . . .     SeeInvis .     - Unarmed
rCold    . . .     Gourm    .   (no shield)
rNeg     . . .     Faith    .   (helmet restricted)
rPois    .         Spirit   .   g - +3 amulet of reflection
rElec    .         Reflect  +   (no ring)
rCorr    .         Harm     .   (no ring)
MR       .....                  (no ring)
Stlth    ..........             (no ring)
HPRegen  0.19/turn              (no ring)
MPRegen  0.12/turn              (no ring)
                                (no ring)
                                (no ring)

@: berserking, lethally poisoned (0 -> -3), very quick
A: almost no armour, stealthy swim, amphibious, 8 rings, constrict 8, camouflage
1, gelatinous body 1
a: no special abilities


You were on level 5 of the Dungeon.
You were not hungry.

You visited 1 branch of the dungeon, and saw 5 of its levels.

You collected 136 gold pieces.

Inventory:

Hand Weapons
 b - a +0 hunting sling
 m - a +2 short sword of holy wrath
Missiles
 a - 4 arrows
 h - 23 poisoned needles
Jewellery
 g - a +3 amulet of reflection (around mantle)
Scrolls
 d - 5 scrolls of identify {unknown}
 i - 7 scrolls of remove curse {unknown}
 j - a scroll of amnesia {unknown}
 o - 3 scrolls of immolation {unknown}
 p - a scroll of blinking {unknown}
Potions
 e - a potion of might {unknown}
 f - a potion of berserk rage
 k - a potion of experience {unknown}
 l - a potion of ambrosia {unknown}
 n - a potion of haste {unknown}
 r - a potion of brilliance {unknown}
Comestibles
 c - 5 rations
 q - a chunk of flesh


   Skills:
 + Level 1.0 Fighting
 + Level 2.0 Dodging
 + Level 0.3 Stealth
 + Level 3.1 Unarmed Combat
 + Level 3.4 Spellcasting
 * Level 4.6 Transmutations
 * Level 1.1 Ice Magic
 - Level 2.0 Poison Magic


You had one spell level left.
You knew the following spells:

 Your Spells              Type           Power        Failure   Level  Hunger
a - Beastly Appendage     Tmut           ###...       2%          1    None
s - Spider Form           Tmut/Pois      ##........   13%         3    ###....
t - Sticks to Snakes      Tmut           ###.....     3%          2    ##.....
y - Ice Form              Ice/Tmut       ##......     45%         4    ####...

Your spell library contained the following spells:

 Spells                   Type           Power        Failure   Level  Hunger
 Blade Hands              Tmut           ###.......   56%         5    ######.


Dungeon Overview and Level Annotations

Branches:
Dungeon (5/15)
 Temple: D:4-7

Altars:
Gozag
Nemelex Xobeh
Xom
Zin


Innate Abilities, Weirdness & Mutations

You cannot wear most types of armour.
You are very stealthy in the water. (Stealth+)
You are amphibious.
You can wear up to eight rings at the same time.
You can use your tentacles to constrict eight enemies at once.
Your skin changes colour to match your surroundings (Stealth+).
Your rubbery body absorbs attacks. (AC +1, EV +1)


Message History

Your ball python grabs the adder.
Your ball python constricts the adder.
The adder bites your ball python.
You slide downwards.
The hatch slams shut behind you.
* * * LOW HITPOINT WARNING * * *
You feel sick.
Found 18 stones and 13 poisoned needles.
You tentacle-slap the adder but do no damage.
Your grab misses the adder.
The adder is severely wounded.
The adder barely misses you.
You closely miss the adder. Your grab misses the adder.
The adder is severely wounded.
* * * LOW HITPOINT WARNING * * *
You feel sick. The adder bites you.
* * * LOW HITPOINT WARNING * * *
It was a potion of berserk rage.
A red film seems to cover your vision as you go berserk!
You feel yourself moving faster!
You feel mighty! The adder misses you. The adder bites you.
You die...

#.#
#.#
##.#
..#
...
#.#
#S#
#@#
#.#
#.#
#..
#..
#...
.((.
#....


You could see an adder.

Vanquished Creatures
  A howler monkey (D:4)
  Jessica (D:3)
  A centaur skeleton (D:4)
  A worker ant (D:4)
  4 gnolls (D:3)
  5 adders
  An adder skeleton (D:4)
  A leopard gecko (D:3)
  An orc (D:3)
  A giant cockroach (D:1)
  11 goblins
  5 hobgoblins
  3 jackals (D:2)
  A quokka (D:4)
  10 bats
  A frilled lizard (D:2)
  8 kobolds
  2 rats
58 creatures vanquished.

Vanquished Creatures (collateral kills)
  An adder (D:2)
  A jackal (D:2)
  A frilled lizard (D:2)
3 creatures vanquished.

Grand Total: 61 creatures vanquished

Notes
Turn   | Place    | Note
-------+----------+-------------------------------------------
     0 | D:1      | erker the Octopode Transmuter began the quest for the Orb.
     0 | D:1      | Reached XP level 1. HP: 13/13 MP: 3/3
   121 | D:1      | Reached XP level 2. HP: 18/18 MP: 3/5
   125 | D:1      | Learned a level 2 spell: Sticks to Snakes
   917 | D:2      | Reached skill level 3 in Transmutations
   972 | D:2      | Reached XP level 3. HP: 19/23 MP: 3/6
   977 | D:2      | Learned a level 3 spell: Spider Form
  1360 | D:2      | Reached skill level 1 in Poison Magic
  1660 | D:2      | Reached XP level 4. HP: 21/28 MP: 5/7
  1934 | D:3      | Noticed an angel
  1937 | D:3      | Found a glowing silver altar of Zin.
  1937 | D:3      | Found a shimmering altar of Xom.
  1997 | D:3      | Noticed Jessica
  2004 | D:3      | Killed Jessica
  2400 | D:3      | Reached skill level 4 in Transmutations
  2400 | D:3      | Reached XP level 5. HP: 21/33 MP: 4/9
  2465 | D:3      | Found a sparkling altar of Nemelex Xobeh.
  2465 | D:3      | Found an opulent altar of Gozag.
  2701 | D:4      | Learned a level 4 spell: Ice Form
  2998 | D:4      | Reached skill level 1 in Ice Magic
  2998 | D:4      | Reached XP level 6. HP: 38/38 MP: 6/11
  3007 | D:4      | Noticed a phantom
  3038 | D:5      | Entered Level 5 of the Dungeon
  3040 | D:5      | HP: 1/38 [adder (4)]
  3041 | D:5      | Slain by an adder

Skill      XL: |  1  2  3  4  5 |
---------------+----------------+-----
Transmutations | 3 4 |  4.6
Poison Magic   | 1 2 |  2.0
Spellcasting   | 3 |  3.4
Ice Magic      | 1 |  1.1
Fighting       | |  1.0
Dodging        | |  2.0
Stealth        | |  0.3
Unarmed Combat | |  3.1

Action                   |  1- 3 |  4- 6 || total
-------------------------+-------+-------++-------
Melee: Unarmed           |    82 |    77 ||   159
       Constrict         |    28 |     7 ||    35
       Tentacles         |     9 |     6 ||    15
       Kick              |    17 |     5 ||    22
       Punch             |     1 |     2 ||     3
 Cast: Beastly Appendage |    18 |     6 ||    24
       Sticks to Snakes  |     2 |     6 ||     8
       Spider Form       |       |     2 ||     2
       Ice Form          |       |     1 ||     1
  Use: Potion            |       |     1 ||     1
 Stab: Sleeping          |     7 |     2 ||     9
  Eat: Chunk             |     2 |     6 ||     8
Armor: Skin              |     9 |     8 ||    17
Dodge: Dodged            |    66 |    44 ||   110
Block: Other             |     8 |     5 ||    13
